 Dungeon Crawl Stone Soup version 0.30-a0-322-g102857c98e (webtiles) character file.

Game seed: 16354833681417919205

40 purpskrrrp the Shield-Bearer (level 3, -3/36 HPs)
             Began as a Troll Fighter on Oct 27, 2022.
             Slain by Sigmund
             ... wielding a +0 scythe of pain
              (5 damage)
             ... on level 2 of the Dungeon.
             The game lasted 00:02:38 (1135 turns).

purpskrrrp the Shield-Bearer (Troll Fighter)        Turns: 1135, Time: 00:02:38

Health: -3/36      AC:  4    Str: 26    XL:     3   Next: 30%
Magic:  2/2        EV:  9    Int:  4    God:
Gold:   75         SH:  8    Dex: 15    Spells: 2/2 levels left

rFire   . . .      SeeInvis .      - Unarmed
rCold   . . .      Faith    .    b - +0 kite shield
rNeg    + . .      Spirit   .    a - +0 robe
rPois   .          Reflect  .    (helmet restricted)
rElec   .          Harm     .    (no cloak)
rCorr   .          Rampage  .    (gloves unavailable)
Will    .....                    (boots unavailable)
Stlth   +.........               (no amulet)
HPRegen 1.06/turn                e - +6 ring of dexterity
MPRegen 0.08/turn                m - ring of positive energy

@: mighty
A: large, unfitting armour, claws 3, regeneration 1, shaggy fur 1, tough skin 1
a: no special abilities


You were on level 2 of the Dungeon.
You visited 1 branch of the dungeon, and saw 2 of its levels.

You collected 75 gold pieces.

Inventory:

Armour
 a - a +0 robe (worn)
 b - a +0 kite shield (worn)
Jewellery
 e - a +6 ring of dexterity (left claw)
 m - a ring of positive energy (right claw)
Potions
 c - a potion of might
 d - 3 potions of heal wounds {unknown}
 h - a potion of cancellation {unknown}
 i - 2 potions of curing


   Skills:
 - Level 2.6 Fighting
 - Level 2.6 Dodging
 + Level 3.1 Shields
 * Level 2.9 Unarmed Combat


You had 2 spell levels left.
You didn't know any spells.
Your spell library was empty.

Dungeon Overview and Level Annotations

Branches:
Dungeon (2/15)

Altars:
Vehumet

Annotations:
D:2 Sigmund


Innate Abilities, Weirdness & Mutations

You are too large for most types of armour.
You have claws for hands.
Your natural rate of healing is unusually fast.
You are covered in fur. (AC +1)
You have tough skin. (AC +1)


Message History

No target in view!
No target in view!
No target in view!
No target in view!
No target in view!
No target in view!
No target in view!
No target in view!
No target in view!
No target in view!
No target in view!
No target in view!
No target in view!
No target in view!
No target in view!
No target in view!
No target in view!
No target in view!
You completely miss something. Something hits you.
You scratch something but do no damage. Something hits you!
Okay, then.
Something hits you.
You see here a jackal corpse.
You feel better.
You feel very mighty all of a sudden.
A magic dart appears from out of thin air!
The magic dart hits you! Something hits you!
* * * LOW HITPOINT WARNING * * *
You see here a jackal corpse.
You barely miss something. Something hits you but does no damage.
You writhe in agony.
* * * LOW HITPOINT WARNING * * *
You barely miss something. You closely miss something. Something hits you!
* * * LOW HITPOINT WARNING * * *
You barely miss something. Something hits you.
* * * LOW HITPOINT WARNING * * *
You miss something. Something hits you.
You die...

########.# .
#.##. #.#..
#.#.# #.#.#
#.#.# #.#.#
#.#.# #####.#@#
#.[....{#
#.###.........#
#####...).#
...=.. !.###
.## #


There were no monsters in sight!

Vanquished Creatures
  2 dart slugs (D:1)
  5 endoplasms (D:1)
  A giant cockroach (D:1)
  2 goblins (D:1)
  A hobgoblin (D:1)
  9 jackals
  2 kobolds (D:1)
  3 ball pythons (D:1)
  4 bats (D:1)
  2 frilled lizards (D:1)
  A rat (D:1)
32 creatures vanquished.

Notes
Turn   | Place    | Note
-------+----------+-------------------------------------------
     0 | D:1      | purpskrrrp the Troll Fighter began the quest for the Orb.
     0 | D:1      | Reached XP level 1. HP: 22/22 MP: 0/0
    92 | D:1      | Reached XP level 2. HP: 29/29 MP: 1/1
   473 | D:1      | Reached skill level 3 in Shields
   547 | D:1      | Reached XP level 3. HP: 36/36 MP: 2/2
  1084 | D:2      | Found a radiant altar of Vehumet.
  1113 | D:2      | Noticed Sigmund
  1134 | D:2      | HP: 1/36 [something (5)]
  1135 | D:2      | Slain by Sigmund

Illustrated notes

Levels and vault maps discovered:
D:1:      lemuel_arrival_lava_pool, layout_basic, serial_co_window_serial,
          co_window_corner_a, co_window_of_opportunity_a, co_window_paths_b,
          co_window_paths_b, co_window_paths_a, co_window_corner_b,
          co_window_2corner, co_window_2corner, co_window_2corner,
          co_window_2corner, co_window_unsneaky_path_d, co_window_4corner_b,
          glass_columns_a
D:2:      layout_loops_ring, basic_altar, serial_shops, shop,
          ebering_ecumenical_altar_petrified, minmay_hedge_maze,
          kennysheep_cross_bottleneck, uniq_crazy_yiuf_cottage, uniq_jessica,
          uniq_sigmund

Skill      XL: |  1  2 |
---------------+-------+-----
Shields        | 3 |  3.1
Fighting       | |  2.6
Dodging        | |  2.6
Unarmed Combat | |  2.9

Action                   || total
-------------------------++-------
Melee: Unarmed           ||   101
  Use: Scroll            ||     5
       Potion            ||     2
Armor: Robe              ||    35
Dodge: Dodged            ||    28
Block: Kite shield       ||    24

Table legend: (Time is in decaauts)
 A = Elapsed time spent in this place.
 B = Non-inter-level travel time spent in this place.
 C = Inter-level travel time spent in this place.
 D = Time resting spent in this place.
 E = Time spent auto-exploring this place.
 F = Levels seen in this place.
 G = Mean time per level.
                   A        B        C        D        E       F      G
               +--------+--------+--------+--------+--------+-----+--------+
         Total |   1143 |   1082 |     61 |      3 |    837 |   2 |  571.5 |
       Dungeon |   1143 |   1082 |     61 |      3 |    837 |   2 |  571.5 |
               +--------+--------+--------+--------+--------+-----+--------+

Top non-repeatable levels by time:
     D:1: 1084 daAuts
     D:2: 58 daAuts
